[Event "Titled Tuesday Blitz April 25 Early 2023"]
[White "Panesso Rivera, Henry"]
[Black "Sarkar, Justin"]
[WhiteFideId "4402707"]
[BlackFideId "2010011"]
[WhiteElo "2345"]
[BlackElo "2189"]
[Result "1-0"]
[Round "01"]
[TimeControl "180+2"]
[Date "2023.04.25"]
[WhiteClock "0:01:57"]
[BlackClock "0:00:01"]

1. Nf3 Nf6 2. g3 c5 3. Bg2 Nc6 4. c4 d5 5. cxd5 Nxd5 6. Nc3 Nc7 7. Nh4 Qd7 8. Qa4 Nd4 9. Qd1 e5 10. e3 Nc6 11. Qa4 Nb4 12. Qxd7+ Bxd7 13. O-O O-O-O 14. a3 Nd3 15. b4 cxb4 16. axb4 a6 17. Ba3 f5 18. e4 f4 19. Nf5 g6 20. Nh4 Bxb4 21. Nd5 Nxd5 22. exd5 Bb5 23. Rfb1 Bxa3 24. Rxa3 Nc5 25. gxf4 exf4 26. Rc3 b6 27. d4 g5 28. Nf5 Bd3 29. Rxb6 Bxf5 30. dxc5 g4 31. d6 f3 32. Bf1 Kd7 33. Rb7+ Kc6 34. Rc7+ Kd5 35. Bc4+ Kd4 36. Rc1 Rc8 37. Bxa6 Rxc7 38. dxc7 Bc8 39. Rd1+ Kxc5 40. Rd8 1-0


[Site "https://www.chess.com"]

[Event "Titled Tuesday Blitz April 25 Early 2023"]
[White "ilya2700"]
[Black "Lenaerts, Lennert"]
[BlackFideId "211435"]
[WhiteElo "2276"]
[BlackElo "2334"]
[Result "1-0"]
[Round "01"]
[TimeControl "180+2"]
[Date "2023.04.25"]
[WhiteClock "0:00:11"]
[BlackClock "0:01:33"]

1. d4 d5 2. c4 c6 3. Nf3 Nf6 4. Nc3 dxc4 5. a4 Bf5 6. e3 e6 7. Bxc4 Bb4 8. O-O O-O 9. Qe2 Bg4 10. Rd1 Qa5 11. Bd2 Qh5 12. h3 Bxf3 13. Qxf3 Qxf3 14. gxf3 Nbd7 15. e4 a5 16. Be3 Rfd8 17. Rd3 Rac8 18. Rad1 Kf8 19. Na2 Be7 20. Nc3 h6 21. Kf1 Bb4 22. Na2 Be7 23. Nc3 Ke8 24. f4 Bb4 25. Na2 Nxe4 26. Nxb4 axb4 27. Rb3 Nb6 28. Rxb4 Nxc4 29. Rxc4 Ra8 30. Rb4 Rd7 31. Rd3 Nc5 32. Ra3 Na6 33. Rb6 Ra7 34. Rab3 Nc7 35. Rxb7 Rxa4 36. Ra3 Nd5 37. Rb8+ Ke7 38. Rxa4 Kf6 39. Rba8 Rb7 40. Ra2 Rb3 41. R8a3 Rb6 42. b3 Nb4 43. Rb2 Rb5 44. Ra4 Nd3 45. Rb1 Kf5 46. Rc4 Nb4 47. Rc5+ Rxc5 48. dxc5 Ke4 49. Rd1 Nd5 50. Rb1 Kd3 51. b4 Kc2 52. Rc1+ Kb3 53. b5 cxb5 54. c6 b4 55. c7 Nxc7 56. Rxc7 Ka4 57. Rxf7 b3 58. Rb7 Ka3 59. Bd4 Ka2 60. Bxg7 h5 61. Kg2 h4 62. Kf3 e5 63. Bxe5 b2 64. Rxb2+ Ka3 65. f5 Ka4 66. f6 1-0


[Site "https://www.chess.com"]

[Event "Titled Tuesday Blitz April 25 Early 2023"]
[White "polandchessplayer"]
[Black "Nery Junior, Jose Antonio"]
[BlackFideId "2104822"]
[WhiteElo "2599"]
[BlackElo "2197"]
[Result "1-0"]
[Round "01"]
[TimeControl "180+2"]
[Date "2023.04.25"]
[WhiteClock "0:00:11"]
[BlackClock "0:00:12"]

1. c4 c5 2. Nf3 Nf6 3. Nc3 d5 4. cxd5 Nxd5 5. g3 Nc7 6. Bg2 Nc6 7. O-O e5 8. d3 Be7 9. Be3 O-O 10. Rc1 b6 11. a3 f6 12. Na4 Bd7 13. Nd2 Nd4 14. Bxd4 exd4 15. b4 Ne6 16. bxc5 bxc5 17. Bd5 Kh8 18. Bxe6 Bxe6 19. Nxc5 Bh3 20. Re1 Qd5 21. e4 dxe3 22. Qf3 exf2+ 23. Qxf2 Bxc5 24. Rxc5 Qxd3 25. Rh5 Bg4 26. Rh4 Bf5 27. Rd4 Qc2 28. Rc4 Qd3 29. Rc5 Bg6 30. Nf3 Qxa3 31. Nh4 Rfe8 32. Rec1 Rad8 33. R5c3 Qb4 34. Qxa7 Re1+ 35. Rxe1 Qxc3 36. Qe7 Qd4+ 37. Qe3 Qxe3+ 38. Rxe3 Kg8 39. Re7 Rd1+ 40. Kg2 Rd6 41. Ra7 Kf8 42. g4 Rd5 43. h3 Be4+ 44. Kg3 Re5 45. Rc7 Bd3 46. Kf2 Be4 47. Kg3 g5 48. Nf3 Bxf3 49. Kxf3 Kg8 50. Rc8+ Kg7 51. Rc7+ Kg6 52. Ra7 h5 53. gxh5+ Kxh5 54. Ra8 Kg6 55. Kg4 Re4+ 56. Kg3 Rf4 57. Rg8+ Kf5 58. Ra8 Rd4 59. Ra5+ Kg6 60. Kf3 f5 61. Ra8 Rf4+ 62. Kg3 Rd4 63. Rg8+ Kf6 64. Rf8+ Ke6 65. Re8+ Kf7 66. Re5 Rf4 67. Ra5 Rf1 68. Ra7+ Kg6 69. Ra8 f4+ 70. Kg2 Re1 71. Kf3 Re3+ 72. Kg2 Rg3+ 73. Kh2 Rc3 74. Kg2 Kf5 75. Rf8+ Ke4 76. Re8+ Kf5 77. Rf8+ Kg6 78. Rg8+ Kf6 79. Ra8 Rc2+ 80. Kf3 Rc3+ 81. Kg2 Re3 82. Rf8+ Kg7 83. Ra8 Re5 84. Kf3 Re3+ 85. Kg2 Kg6 86. Rg8+ Kf5 87. Rf8+ Ke4 88. Re8+ Kd3 89. Rg8 Rg3+ 90. Kf2 Ke4 91. Re8+ Kf5 92. Rf8+ Ke6 93. Rh8 Kf6 94. Rh6+ Kg7 95. Rh5 Kg6 96. Rh8 Ra3 97. Kg2 Ra2+ 98. Kf3 Ra3+ 99. Kg2 Ra7 100. Rb8 Ra5 101. Rb6+ Kf5 102. Rb8 Ke4 103. Re8+ Re5 104. Rf8 Ke3 105. Rf7 Ke2 106. h4 gxh4 107. Rxf4 Rg5+ 108. Kh3 Ke3 109. Rxh4 Kf3 110. Rh8 Rg3+ 111. Kh2 Rg1 112. Kxg1 Kf4 113. Rh3 Ke5 114. Kg2 Kf5 115. Rg3 Kf4 116. Kh3 Kf5 117. Rg4 Kf6 118. Kg3 Kf5 119. Rh4 Kf6 120. Kf4 Kg6 121. Kg4 Kf6 122. Rh5 Kg6 123. Ra5 Kf6 124. Kf4 Kg6 125. Rb5 Kf6 126. Rb6+ Ke7 127. Ke5 Kd7 128. Rg6 Kc7 129. Kd5 1-0


[Site "https://www.chess.com"]

[Event "Titled Tuesday Blitz April 25 Early 2023"]
[White "Barwinska, Ewa"]
[Black "Schnaider, Ilan"]
[WhiteFideId "21833761"]
[BlackFideId "169013"]
[WhiteElo "1908"]
[BlackElo "2224"]
[Result "0-1"]
[Round "01"]
[TimeControl "180+2"]
[Date "2023.04.25"]
[WhiteClock "0:00:07"]
[BlackClock "0:00:55"]

1. e4 c5 2. Nf3 d6 3. d4 cxd4 4. Nxd4 Nf6 5. Nc3 a6 6. Bg5 Nbd7 7. f4 b5 8. Bd3 Bb7 9. Qe2 e5 10. Nf5 g6 11. Ne3 Bg7 12. Ncd5 h6 13. Bxf6 Nxf6 14. Nxf6+ Bxf6 15. Nd5 Bxd5 16. exd5 O-O 17. O-O-O exf4 18. Qg4 Kg7 19. h4 Qa5 20. h5 g5 21. Qf5 Rh8 22. a3 b4 23. axb4 Qa1+ 24. Kd2 Qxb2 25. Qd7 Rae8 0-1


[Site "https://www.chess.com"]

[Event "Titled Tuesday Blitz April 25 Early 2023"]
[White "Golichenko, Ilija"]
[Black "Alahakoon, Isuru"]
[WhiteFideId "14117223"]
[BlackFideId "9900993"]
[WhiteElo "2339"]
[BlackElo "1995"]
[Result "0-1"]
[Round "01"]
[TimeControl "180+2"]
[Date "2023.04.25"]
[WhiteClock "0:01:45"]
[BlackClock "0:00:03"]

1. d4 d5 2. Nc3 Nf6 3. Bf4 e6 4. e3 Bd6 5. Bg3 O-O 6. Bd3 a6 7. Nf3 c5 8. Ne5 c4 9. Be2 b5 10. f4 b4 11. Nb1 Ne4 12. Nd2 Nxg3 13. hxg3 f6 14. Nef3 Nc6 15. c3 bxc3 16. bxc3 e5 17. Qc2 h6 18. e4 exd4 19. Nxd4 Nxd4 20. cxd4 Qa5 21. O-O Qb6 22. Nf3 dxe4 23. Bxc4+ Kh8 24. Qxe4 Bb7 25. Bd5 Bxd5 26. Qxd5 Rad8 27. Rab1 Qa7 28. Qc6 Rd7 29. Rb6 a5 30. Ra6 Qc7 31. Qxc7 Bxc7 32. Ra7 Rfd8 33. Rb1 Bd6 34. Rxd7 Rxd7 35. Rb8+ Kh7 36. Kf2 Bxb8 37. Ke3 Rb7 38. Kd3 Rb2 39. a3 Rxg2 40. Nd2 Rxg3+ 41. Kc4 Bxf4 42. Ne4 Rxa3 43. d5 Ra1 44. Nc3 Rc1 45. Kd3 Rxc3+ 46. Kxc3 Bd6 0-1


[Site "https://www.chess.com"]

[Event "Titled Tuesday Blitz April 25 Early 2023"]
[White "Tsyhanchuk, Stanislav"]
[Black "Melikyan, Gnel"]
[WhiteFideId "13505130"]
[BlackFideId "54109990"]
[WhiteElo "2173"]
[BlackElo "2138"]
[Result "0-1"]
[Round "01"]
[TimeControl "180+2"]
[Date "2023.04.25"]
[WhiteClock "0:00:13"]
[BlackClock "0:00:09"]

1. c4 Nf6 2. Nc3 c5 3. e4 Nc6 4. Nge2 g6 5. d4 cxd4 6. Nxd4 Bg7 7. Be3 d6 8. Be2 Bd7 9. O-O Rc8 10. b3 a6 11. Rc1 h5 12. f4 Ng4 13. Bxg4 hxg4 14. g3 Qa5 15. Rf2 O-O 16. Nd5 Rfe8 17. f5 Ne5 18. Bg5 f6 19. Bf4 g5 20. Bxe5 dxe5 21. Ne6 Kf7 22. Qxg4 Rh8 23. Nxg7 Kxg7 24. Nxe7 Qa3 25. Nxc8 Qxc1+ 26. Kg2 Rxc8 27. Qe2 Bc6 28. Qd3 Rf8 29. b4 Rf7 30. b5 axb5 31. cxb5 Rd7 32. Qe2 Rd4 33. bxc6 Qxc6 34. Kf3 Qc3+ 35. Kg2 Qc6 36. Qh5 Qxe4+ 37. Kh3 g4+ 38. Kh4 Qc6 39. Qg6+ Kf8 40. Rb2 Rd7 41. Qh6+ Kg8 42. Qe3 Rh7+ 43. Kxg4 Rg7+ 44. Kh3 Rh7+ 45. Kg4 Qc4+ 46. Kf3 Qd5+ 47. Kf2 Rxh2+ 48. Ke1 Qh1+ 49. Qg1 Qxg1# 0-1


[Site "https://www.chess.com"]

[Event "Titled Tuesday Blitz April 25 Early 2023"]
[White "Yelisieiev, Yevhenii"]
[Black "Rosenberg, Evan S"]
[WhiteFideId "14139642"]
[BlackFideId "2019299"]
[WhiteElo "2425"]
[BlackElo "2263"]
[Result "1-0"]
[Round "01"]
[TimeControl "180+2"]
[Date "2023.04.25"]
[WhiteClock "0:00:06"]
[BlackClock "0:00:05"]

1. d4 d5 2. Nf3 Bf5 3. c4 e6 4. Qb3 Nc6 5. e3 Na5 6. Qa4+ c6 7. c5 b5 8. cxb6 axb6 9. Ne5 Ne7 10. Bd2 Nc4 11. Qb3 Nxe5 12. dxe5 Ng6 13. Bc3 Bc5 14. Nd2 O-O 15. Nf3 Be4 16. Be2 Bxf3 17. gxf3 Qh4 18. O-O-O Qxf2 19. Rde1 Qxe3+ 20. Kb1 d4 21. Bd1 Qd3+ 22. Bc2 Qa6 23. Bd2 Rfd8 24. Bd3 b5 25. f4 Be7 26. Rhg1 Rab8 27. Rc1 c5 28. Be4 c4 29. Qg3 c3 30. bxc3 dxc3 31. Bxc3 b4 32. Bb2 b3 33. axb3 Qe2 34. Bc2 Qb5 35. f5 exf5 36. e6 fxe6 37. h4 Bf6 38. h5 Bxb2 39. Kxb2 Qe5+ 40. Qxe5 Nxe5 41. Rge1 Nc4+ 42. Kc3 Nd6 43. Rxe6 Ne4+ 44. Bxe4 fxe4 45. Rxe4 Rdc8+ 46. Rc4 Rxc4+ 47. bxc4 Rc8 48. Kd4 Rd8+ 49. Ke5 Re8+ 50. Kd6 Rd8+ 51. Ke7 Rd2 52. c5 Re2+ 53. Kd6 Rd2+ 54. Ke5 Kf7 55. c6 Re2+ 56. Kd4 Rd2+ 57. Kc5 Ke7 58. Kb6 Rb2+ 59. Kc7 g5 60. Re1+ Kf6 61. Kd7 Rd2+ 62. Kc8 g4 63. c7 Rc2 64. Rd1 g3 65. Kd8 g2 66. Rg1 Kg5 67. c8=Q Rxc8+ 68. Kxc8 Kxh5 69. Rxg2 h6 70. Kd7 Kh4 71. Ke6 h5 72. Kf5 Kh3 73. Ra2 h4 74. Kg5 Kg3 75. Ra3+ 1-0


[Site "https://www.chess.com"]

[Event "Titled Tuesday Blitz April 25 Early 2023"]
[White "Nissinen, Niilo Man"]
[Black "Jain Kashish Manoj"]
[WhiteFideId "30950767"]
[BlackFideId "35081098"]
[WhiteElo "1952"]
[BlackElo "2191"]
[Result "0-1"]
[Round "01"]
[TimeControl "180+2"]
[Date "2023.04.25"]
[WhiteClock "0:00:23"]
[BlackClock "0:00:12"]

1. e4 c5 2. Nf3 d6 3. d4 cxd4 4. Nxd4 Nf6 5. Nc3 Nc6 6. Bg5 e6 7. Qd2 a6 8. O-O-O Bd7 9. f4 b5 10. Qe3 Nxd4 11. Rxd4 Qb6 12. Qd2 Be7 13. Be2 b4 14. Nd1 a5 15. Bxf6 gxf6 16. Bh5 Qc5 17. f5 Rc8 18. Ne3 Bf8 19. fxe6 Bxe6 20. Nd5 Bh6 21. Nxf6+ Ke7 22. Nd5+ Bxd5 23. exd5 Qxc2# 0-1


[Site "https://www.chess.com"]

[Event "Titled Tuesday Blitz April 25 Early 2023"]
[White "Arias, Juan Cruz"]
[Black "De Souza, Cristiano Gomes"]
[WhiteFideId "118540"]
[BlackFideId "2151758"]
[WhiteElo "2243"]
[BlackElo "2068"]
[Result "1-0"]
[Round "01"]
[TimeControl "180+2"]
[Date "2023.04.25"]
[WhiteClock "0:00:22"]
[BlackClock "0:00:43"]

1. e4 c5 2. Nc3 d6 3. g3 g6 4. Bg2 Bg7 5. d3 Nc6 6. f4 e6 7. Nf3 Nge7 8. O-O O-O 9. Bd2 Rb8 10. Rb1 b5 11. a3 a5 12. a4 b4 13. Nb5 Ba6 14. c4 Bxb5 15. axb5 Nd4 16. Be3 Nxf3+ 17. Qxf3 a4 18. g4 f5 19. gxf5 gxf5 20. Kh1 Kh8 21. Rg1 Rg8 22. Qh3 Qe8 23. Bf3 Bf6 24. e5 dxe5 25. Bxc5 Ng6 26. Bc6 Qf7 27. Bxb4 Nxf4 28. Qf3 Rxg1+ 29. Rxg1 Rd8 30. b6 Rxd3 31. b7 Rd8 32. Bd6 Ng6 33. b8=Q Rxb8 34. Bxb8 Qf8 35. Ba7 Qb4 36. Be8 Kg7 37. c5 e4 38. Qg2 Qxb2 39. Bxg6 Qxg2+ 40. Rxg2 hxg6 41. c6 Be5 42. Bd4 Bxd4 43. c7 a3 44. c8=Q 1-0


[Site "https://www.chess.com"]

[Event "Titled Tuesday Blitz April 25 Early 2023"]
[White "Schut, Han"]
[Black "Skliarov, Viktor"]
[WhiteFideId "1005561"]
[BlackFideId "14106736"]
[WhiteElo "2024"]
[BlackElo "2317"]
[Result "0-1"]
[Round "01"]
[TimeControl "180+2"]
[Date "2023.04.25"]
[WhiteClock "0:00:01"]
[BlackClock "0:00:19"]

1. e4 c5 2. Nf3 Nc6 3. d4 cxd4 4. Nxd4 Nf6 5. Nc3 e5 6. Ndb5 d6 7. Nd5 Nxd5 8. exd5 Nb8 9. Qd3 a6 10. Qa3 Be7 11. Bg5 f6 12. Bd2 O-O 13. Bb4 axb5 14. Qxa8 Na6 15. Bd2 Qb6 16. Be3 Nc5 17. b4 Qa6 18. Qxa6 Nxa6 19. a3 Bd7 20. c4 bxc4 21. Bxc4 b5 22. Bb3 f5 23. f3 f4 24. Bf2 g5 25. Ke2 g4 26. Rhc1 gxf3+ 27. gxf3 Kf7 28. a4 Nxb4 29. Rc7 bxa4 30. Bxa4 Bxa4 31. Rxa4 Nxd5 32. Rc6 Ke6 33. Kd3 Rb8 34. Rcc4 Rb3+ 35. Kc2 Rxf3 36. Ba7 Rh3 0-1


[Site "https://www.chess.com"]

[Event "Titled Tuesday Blitz April 25 Early 2023"]
[White "Danielyan, Vahe"]
[Black "Prieto Aranguren, Alain"]
[WhiteFideId "13304828"]
[BlackFideId "2268906"]
[WhiteElo "2423"]
[BlackElo "2209"]
[Result "1-0"]
[Round "01"]
[TimeControl "180+2"]
[Date "2023.04.25"]
[WhiteClock "0:00:05"]
[BlackClock "0:00:07"]

1. d4 d5 2. c4 e6 3. Nc3 Nf6 4. cxd5 exd5 5. Bg5 Be7 6. e3 O-O 7. Bd3 h6 8. Bh4 Re8 9. Nge2 c6 10. O-O Nbd7 11. f3 Nh5 12. Bf2 Bg5 13. e4 Nf4 14. Bc2 Nf8 15. Nxf4 Bxf4 16. Qd3 Ng6 17. Rfe1 Be6 18. e5 Qg5 19. g3 Bh3 20. Ne2 Re6 21. Nxf4 Nxf4 22. Qh7+ Kf8 23. Qh8+ Ke7 24. Qxa8 Qh5 25. Qxb7+ Ke8 26. Qc8+ Ke7 27. Re3 Ne2+ 28. Kh1 Nxd4 29. Bd3 Nxf3 30. Qc7+ Ke8 31. Be2 Bg4 32. Bxf3 Bxf3+ 33. Kg1 d4 34. Rxf3 Qxf3 35. Re1 d3 36. Qb8+ Kd7 37. Qxa7+ Kc8 38. Qd4 h5 39. Qf4 Qd5 40. Rd1 h4 41. Qxh4 Rxe5 42. Qd4 Qe6 43. Qxd3 Re2 44. Qd8+ Kb7 45. Rd7+ Ka6 46. Qb6# 1-0


[Site "https://www.chess.com"]

[Event "Titled Tuesday Blitz April 25 Early 2023"]
[White "Jiganchine, Roman"]
[Black "Isajevsky, Anton"]
[WhiteFideId "2603667"]
[BlackFideId "4142500"]
[WhiteElo "2253"]
[BlackElo "2510"]
[Result "0-1"]
[Round "01"]
[TimeControl "180+2"]
[Date "2023.04.25"]
[WhiteClock "0:00:05"]
[BlackClock "0:00:45"]

1. e4 e6 2. d4 d5 3. Nd2 dxe4 4. Nxe4 Bd7 5. Bd3 Bc6 6. Nf3 Nd7 7. c3 Ngf6 8. Ng3 Be7 9. O-O Bxf3 10. Qxf3 c6 11. h4 O-O 12. h5 Qa5 13. h6 g6 14. Re1 Rfe8 15. Bd2 Rad8 16. Bc4 Nd5 17. Bb3 Qc7 18. Rad1 b5 19. Bc1 a6 20. Ne4 N7f6 21. Ng5 Bd6 22. g3 c5 23. dxc5 Bxc5 24. a4 Bf8 25. axb5 axb5 26. Rd4 Bc5 27. Rdd1 Rd7 28. c4 bxc4 29. Ba4 Red8 30. Bxd7 Rxd7 31. Ne4 Nxe4 32. Qxe4 Qxg3+ 33. Kh1 Bxf2 34. Bf4 Qh3+ 35. Bh2 Bxe1 36. Qe5 Qxh6 37. Qb8+ Qf8 38. Qe5 Bh4 39. Bg1 Bf6 40. Qg3 Bxb2 0-1


[Site "https://www.chess.com"]

[Event "Titled Tuesday Blitz April 25 Early 2023"]
[White "djokovic74"]
[Black "Bekkedahl, Zachary"]
[BlackFideId "2069156"]
[WhiteElo "2586"]
[BlackElo "1943"]
[Result "1-0"]
[Round "01"]
[TimeControl "180+2"]
[Date "2023.04.25"]
[WhiteClock "0:00:12"]
[BlackClock "0:00:50"]

1. e4 c5 2. Nf3 g6 3. d4 cxd4 4. Nxd4 Nc6 5. c4 d6 6. Nc3 Nf6 7. Be2 Nxd4 8. Qxd4 Bg7 9. Be3 O-O 10. Qd2 a5 11. f3 a4 12. O-O Qa5 13. Rfd1 Be6 14. Rac1 Rfc8 15. Nd5 Qxd2 16. Bxd2 Bxd5 17. cxd5 Nd7 18. Bc3 Bxc3 19. bxc3 Rc7 20. c4 Nc5 21. Rb1 Ra7 22. Kf2 f6 23. Ke3 Kf7 24. f4 h6 25. h4 Kg7 26. Rb5 Rc8 27. g3 Kf7 28. Rb4 Kg7 29. Rg1 Kf7 30. Rf1 Rg8 31. Rh1 Rh8 32. Bg4 Rha8 33. Rb2 Kg7 34. Rf1 Rf8 35. Rb5 Rfa8 36. Rfb1 Rf8 37. e5 fxe5 38. fxe5 Re8 39. Rf1 Rf8 40. Rxf8 Kxf8 41. Kd4 Ra8 42. Rb6 Rd8 43. Bd1 Kf7 44. Rb4 g5 45. hxg5 hxg5 46. Bxa4 Ra8 47. Bb3 Ra7 48. Rb6 Ra6 49. Rxa6 bxa6 50. Bc2 Kg7 51. Bf5 Kf7 52. Bc2 Kg7 53. e6 Kf6 54. Bd1 a5 55. Bc2 Na6 56. Ba4 Nb4 57. Bb3 Na6 58. a3 Nc5 59. Bd1 Na6 60. Ba4 Nc5 61. Bc2 Nb7 62. Bd3 Kg7 63. Ke4 Kf6 64. Bc2 Nc5+ 65. Kd4 a4 66. Bd1 Nb3+ 67. Bxb3 axb3 68. Kc3 Ke5 69. Kxb3 Kd4 70. Kb4 Ke3 71. a4 Kf3 72. a5 Kxg3 73. a6 Kg2 74. a7 g4 75. a8=Q g3 76. Qg8 Kf2 77. c5 g2 78. cxd6 exd6 79. e7 g1=Q 80. Qxg1+ Kxg1 81. e8=Q 1-0


[Site "https://www.chess.com"]

[Event "Titled Tuesday Blitz April 25 Early 2023"]
[White "Smith, Garrett L"]
[Black "Asavasaetakul, Chawit"]
[WhiteFideId "2024829"]
[BlackFideId "6204856"]
[WhiteElo "2245"]
[BlackElo "1919"]
[Result "1-0"]
[Round "01"]
[TimeControl "180+2"]
[Date "2023.04.25"]
[WhiteClock "0:00:26"]
[BlackClock "0:00:31"]

1. e4 d5 2. exd5 Nf6 3. d4 Bg4 4. Bb5+ Nbd7 5. f3 Bf5 6. g4 Bg6 7. Nc3 a6 8. Ba4 b5 9. Bb3 Nb6 10. Nge2 Nfxd5 11. Nxd5 Nxd5 12. Bxd5 Qxd5 13. Nf4 Qd6 14. c3 e6 15. Be3 Be7 16. Nxg6 hxg6 17. Qd2 Bh4+ 18. Kd1 Qd5 19. Qe2 Be7 20. Kc2 Rh3 21. Rhf1 Bd6 22. Rf2 f5 23. b3 Kf7 24. Re1 Rah8 25. Rh1 Ke8 26. Bd2 fxg4 27. fxg4 Qxh1 28. Qxe6+ Kd8 29. Bg5+ Be7 30. Bxe7+ Ke8 31. Bd6+ Kd8 32. Qe7+ 1-0


[Site "https://www.chess.com"]

[Event "Titled Tuesday Blitz April 25 Early 2023"]
[White "Shimelkov, Vasiliy"]
[Black "Chakravarthi Reddy, M"]
[WhiteFideId "13701630"]
[BlackFideId "25009532"]
[WhiteElo "2073"]
[BlackElo "2201"]
[Result "0-1"]
[Round "01"]
[TimeControl "180+2"]
[Date "2023.04.25"]
[WhiteClock "0:00:01"]
[BlackClock "0:00:07"]

1. d4 d5 2. Nf3 Nf6 3. c4 c6 4. Nc3 e6 5. Bg5 Nbd7 6. e3 h6 7. Bh4 g5 8. Bg3 Nh5 9. Bd3 Nxg3 10. hxg3 Bg7 11. Rc1 Qe7 12. Qe2 dxc4 13. Bxc4 e5 14. dxe5 Nxe5 15. Nxe5 Qxe5 16. Qf3 O-O 17. O-O Bf5 18. e4 Bg6 19. Qe3 Rad8 20. Rcd1 a5 21. f4 Qe7 22. e5 Rxd1 23. Nxd1 Bf5 24. fxg5 Bg6 25. Rf6 Bxf6 26. gxf6 Qd7 27. Nf2 Kh7 28. Be2 Qf5 29. Ng4 Qg5 30. Qd4 h5 31. Nf2 Rg8 32. Nh3 Qxg3 33. Qd2 Bf5 34. Nf4 h4 35. Bh5 h3 36. Bxf7 h2+ 37. Kh1 Rg4 38. e6 Rxf4 39. Qe2 Bg4 40. Qc2+ Bf5 41. Qe2 Bg4 42. Qc2+ Rf5 43. Bg6+ Kxg6 44. e7 Qe1+ 45. Kxh2 Kg5 0-1


[Site "https://www.chess.com"]

[Event "Titled Tuesday Blitz April 25 Early 2023"]
[White "Coelho, Ramyres Santana"]
[Black "Odegov, Artem"]
[WhiteFideId "2120690"]
[BlackFideId "34183644"]
[WhiteElo "1888"]
[BlackElo "2300"]
[Result "0-1"]
[Round "01"]
[TimeControl "180+2"]
[Date "2023.04.25"]
[WhiteClock "0:00:08"]
[BlackClock "0:00:10"]

1. e4 c5 2. Nf3 e6 3. d4 cxd4 4. c3 Nf6 5. e5 Nd5 6. cxd4 Nc6 7. Nc3 Nxc3 8. bxc3 d5 9. Bd3 Be7 10. O-O O-O 11. Qc2 h6 12. h3 Bd7 13. Nh2 Rc8 14. Qe2 Na5 15. Bd2 Nc4 16. Be1 Ba3 17. f4 Nb2 18. Bc2 a6 19. Qh5 Be8 20. Ng4 f5 21. Nxh6+ gxh6 22. Qxh6 Rc7 23. Qxe6+ Kh8 24. Qh6+ Rh7 25. Qg5 Be7 26. Qg3 Nc4 27. Rb1 b5 28. Rf3 Bh5 29. Rd3 Rg7 30. Qf2 Rfg8 31. g3 Qb6 32. Kh2 Qh6 33. Bd1 Bxd1 34. Rbxd1 Ba3 35. Rf3 Be7 36. Bd2 Rh7 37. Qg2 Rhg7 38. Be1 a5 39. Rdd3 a4 40. Kg1 Rh7 41. g4 a3 42. g5 Qg6 43. h4 Qh5 44. Rd1 Bf8 45. Rdd3 Rb7 46. Qh3 Qg4+ 47. Qxg4 fxg4 48. Rg3 b4 49. cxb4 Bxb4 50. Rb3 Rgb8 51. Bxb4 Rxb4 52. Rxb4 Rxb4 53. Rxg4 Rb1+ 54. Kh2 Rb2+ 55. Kg3 Rxa2 56. g6 Rg2+ 57. Kxg2 Ne3+ 58. Kf3 Nxg4 59. Kxg4 a2 60. f5 a1=Q 61. f6 Qc1 62. Kf5 Qc6 63. e6 Qc2+ 64. Kg5 Qe4 65. h5 Qxe6 66. h6 Qe3+ 67. Kh5 Qf3+ 68. Kg5 Qe3+ 69. Kh5 Qxd4 70. h7 Qxf6 71. Kh6 Qg7+ 72. Kg5 d4 73. Kf4 d3 74. Ke3 Qxg6 75. Kd2 Kxh7 76. Ke3 Qe4+ 77. Kd2 Qe2+ 78. Kc3 d2 79. Kc2 d1=Q+ 80. Kc3 Qec2+ 81. Kb4 Qdb1+ 82. Ka3 Qca2# 0-1


[Site "https://www.chess.com"]

[Event "Titled Tuesday Blitz April 25 Early 2023"]
[White "Osinenko, Anton"]
[Black "Benaddi, Mouhcine"]
[WhiteFideId "4158970"]
[BlackFideId "9001050"]
[WhiteElo "2294"]
[BlackElo "2036"]
[Result "1-0"]
[Round "01"]
[TimeControl "180+2"]
[Date "2023.04.25"]
[WhiteClock "0:01:17"]
[BlackClock "0:00:30"]

1. e4 c6 2. Nc3 d5 3. d4 dxe4 4. Nxe4 Bf5 5. Ng3 Bg6 6. Nf3 Nf6 7. Bd3 e6 8. c3 Nbd7 9. O-O Qc7 10. a4 Bd6 11. Re1 Bxd3 12. Qxd3 O-O 13. Bd2 Rad8 14. Ne4 Nxe4 15. Qxe4 Nf6 16. Qh4 c5 17. Bg5 Be7 18. Qg3 Qxg3 19. hxg3 cxd4 20. Nxd4 h6 21. Bf4 Bc5 22. Nb3 Bd6 23. Be3 b6 24. a5 Nd5 25. Bd4 Rb8 26. Nd2 bxa5 27. Rxa5 Rxb2 28. Nc4 Bc7 29. Rxd5 exd5 30. Nxb2 a5 31. Na4 Rb8 32. Re7 Bd6 33. Ra7 Rb1+ 34. Kh2 Ra1 35. Rxa5 Bc7 36. Ra7 Bd6 37. Nb2 Rb1 38. Nd3 Rd1 39. Ne5 1-0


[Site "https://www.chess.com"]

[Event "Titled Tuesday Blitz April 25 Early 2023"]
[White "Singh, Arvinder Preet"]
[Black "Deng, Henry"]
[WhiteFideId "5013240"]
[BlackFideId "30965454"]
[WhiteElo "2124"]
[BlackElo "2580"]
[Result "0-1"]
[Round "01"]
[TimeControl "180+2"]
[Date "2023.04.25"]
[WhiteClock "0:01:51"]
[BlackClock "0:01:39"]

1. e4 c5 2. Nf3 e6 3. d4 cxd4 4. Nxd4 Nf6 5. Nc3 Nc6 6. f4 Bb4 7. Nxc6 bxc6 8. e5 Nd5 9. Bd2 O-O 10. Bd3 Qb6 11. Ne4 Nxf4 12. Qf3 Bxd2+ 13. Nxd2 Nxd3+ 14. Qxd3 Ba6 15. c4 Qxb2 16. O-O Qxe5 17. Qxd7 Qe3+ 18. Rf2 Rad8 19. Qxa7 Qxa7 0-1


[Site "https://www.chess.com"]

[Event "Titled Tuesday Blitz April 25 Early 2023"]
[White "Han, Yichen"]
[Black "Amitpal, Singh"]
[WhiteFideId "1054430"]
[BlackFideId "5012899"]
[WhiteElo "2342"]
[BlackElo "2107"]
[Result "1-0"]
[Round "01"]
[TimeControl "180+2"]
[Date "2023.04.25"]
[WhiteClock "0:00:41"]
[BlackClock "0:00:27"]

1. d4 Nf6 2. Nf3 g6 3. c4 Bg7 4. Nc3 O-O 5. e4 d6 6. Be2 e5 7. O-O Nc6 8. dxe5 dxe5 9. Bg5 Qxd1 10. Rfxd1 Ne8 11. Nd5 f6 12. Be3 Kf7 13. b4 Be6 14. b5 Bxd5 15. cxd5 Ne7 16. Rac1 Nc8 17. h4 Ncd6 18. Nd2 h5 19. f3 Rh8 20. a4 Bh6 21. Bf2 Rh7 22. Rc2 Ke7 23. Nc4 Kd7 24. Na5 f5 25. Bd3 Rf7 26. Nb3 b6 27. Nd2 Nf6 28. Nc4 fxe4 29. Nxe5+ 1-0


[Site "https://www.chess.com"]

[Event "Titled Tuesday Blitz April 25 Early 2023"]
[White "Quirke, Jeffrey"]
[Black "Cori T., Deysi"]
[WhiteFideId "2013029"]
[BlackFideId "3801934"]
[WhiteElo "2228"]
[BlackElo "2292"]
[Result "0-1"]
[Round "01"]
[TimeControl "180+2"]
[Date "2023.04.25"]
[WhiteClock "0:00:09"]
[BlackClock "0:00:53"]

1. e4 c6 2. d4 g6 3. Nc3 Bg7 4. f4 d5 5. e5 Nh6 6. Nf3 O-O 7. Be2 f6 8. O-O Bg4 9. Be3 Nf5 10. Bf2 Bh6 11. g3 e6 12. Na4 Nd7 13. b4 Qe7 14. c3 a5 15. a3 Bxf3 16. Bxf3 g5 17. exf6 Rxf6 18. fxg5 Bxg5 19. Qe2 Raf8 20. Rae1 Nd6 21. Be3 Bxe3+ 22. Qxe3 Nc4 23. Qg5+ Kh8 24. Bg2 Rxf1+ 25. Rxf1 Rxf1+ 0-1


[Site "https://www.chess.com"]

[Event "Titled Tuesday Blitz April 25 Early 2023"]
[White "Dzagnidze, Nana"]
[Black "Floresvillar Gonzalez, Luis Migu"]
[WhiteFideId "13601903"]
[BlackFideId "5100542"]
[WhiteElo "2406"]
[BlackElo "2040"]
[Result "1-0"]
[Round "01"]
[TimeControl "180+2"]
[Date "2023.04.25"]
[WhiteClock "0:00:21"]
[BlackClock "0:00:02"]

1. d4 d5 2. c4 c6 3. Nf3 Nf6 4. Nc3 dxc4 5. a4 Bf5 6. Ne5 e6 7. e3 Bd3 8. Nxd3 cxd3 9. Bxd3 Bb4 10. O-O O-O 11. Qc2 Nbd7 12. Rd1 a5 13. e4 h6 14. e5 Nd5 15. Nxd5 cxd5 16. Qe2 Rc8 17. Qg4 Kh8 18. Qh5 Rxc1 19. Raxc1 Nb6 20. Bb5 Nc4 21. Bxc4 dxc4 22. Rxc4 Qd5 23. Rc7 Qb3 24. Rxb7 Qxa4 25. h3 Qc2 26. d5 exd5 27. Rxd5 Qxb2 28. Rxf7 Rxf7 29. Qxf7 Qc1+ 30. Kh2 Qc8 31. Rd7 Bf8 32. e6 1-0


[Site "https://www.chess.com"]

[Event "Titled Tuesday Blitz April 25 Early 2023"]
[White "Aanna12"]
[Black "Zomorrodian, Eilia"]
[BlackFideId "12551805"]
[WhiteElo "2206"]
[BlackElo "2078"]
[Result "0-1"]
[Round "01"]
[TimeControl "180+2"]
[Date "2023.04.25"]
[WhiteClock "0:00:02"]
[BlackClock "0:00:22"]

1. e4 c5 2. Nc3 a6 3. g3 b5 4. Bg2 Bb7 5. d3 e6 6. Nh3 Nf6 7. O-O d5 8. exd5 Nxd5 9. Ne4 Nd7 10. c4 N5b6 11. b3 Be7 12. Nd6+ Bxd6 13. Bxb7 Ra7 14. Bg2 O-O 15. f4 Be7 16. Nf2 Bf6 17. Rb1 Bd4 18. Kh1 Nf6 19. Ne4 Nxe4 20. Bxe4 g6 21. Qe2 Qf6 22. Be3 Rd8 23. Rbd1 b4 24. g4 Bxe3 25. Qxe3 Qd4 26. Qg3 Qd6 27. Qh3 Nd7 28. f5 Ne5 29. fxg6 hxg6 0-1


[Site "https://www.chess.com"]